 Dungeon Crawl Stone Soup version 0.31-a0-1-g4198be8af4 (webtiles) character file.

Game seed: 9289084969792007631

1920236 bakla the Young Tiger (level 24, 224/224 HPs)
             Began as a Demonspawn Brigand on Apr 30, 2023.
             Was a Believer of Wu Jian.
             Escaped with the Orb
             ... and 3 runes on May 2, 2023!
             The game lasted 03:19:25 (50230 turns).

bakla the Young Tiger (Demonspawn Brigand)         Turns: 50230, Time: 03:19:26

Health: 224/224    AC: 17    Str: 17    XL:     24   Next: 72%
Magic:  37/37      EV: 30    Int: 12    God:    Wu Jian [**....]
Gold:   4866       SH: 25    Dex: 23    Spells: 31/33 levels left

rFire   + + +        q - +9 quick blade (heavy)
rCold   + . .        Q - +1 kite shield {rC+ rF+}
rNeg    + . .        l - +0 ring mail of the Lion {rElec Regen+ rCorr Int-3}
rPois   +            J - +0 helmet of the Meadowlark {rF+++ rN+ Dex-5 SInv}
rElec   +            c - +2 cloak
rCorr   +            V - +1 pair of gloves of Antique Tender Moments {Str+3}
SInv    +            (boots unavailable)
Will    ++...        U - amulet "Tesoh" {Reflect rF+ rCorr Slay+3 SH+5}
Stlth   ++++         S - ring of willpower
HPRegen 1.37/turn    M - +5 ring of evasion
MPRegen 0.25/turn

%: reflection, clarity
@: studying 3 skills, serpent's lash
A: hooves 3, thin skeletal structure 3, icemail 1, powered by death 3, robust 1,
condensation shield, fangs 1, clarity, deformed body, sense surroundings 1,
poison resistance, MP-powered wands
0: Orb of Zot
}: 3/15 runes: decaying, abyssal, gossamer
a: Renounce Religion, Wall Jump


You escaped.
You worshipped Wu Jian.
Wu Jian was pleased with you.
You visited 10 branches of the dungeon, and saw 46 of its levels.
You visited the Abyss 1 time.
You also visited: Bailey, Ice Cave, Volcano and Desolation.

You collected 8876 gold pieces.
You spent 4010 gold pieces at shops.

Inventory:

Hand Weapons
 e - the +7 short sword of Bipamn {spect, Fly Will+++ Str+2 Dex-4}
   (You found it on level 3 of the Elven Halls)

   Str:       It affects your strength (+2).
   Dex:       It affects your dexterity (-4).
   Fly:       It grants you flight.
   Will:      It greatly increases your willpower.
 q - a +9 heavy quick blade (weapon)
Missiles
 G - 3 curare-tipped darts
 Y - a throwing net
Armour
 a - the +5 robe of Night {Dark Will+ SInv}
   (You found it on level 3 of the Elven Halls)

   Dark:      It shrouds the wearer in darkness, reducing the range at which
   they can see and be seen by others.
   SInv:      It lets you see invisible.
   Will:      It increases your willpower.
 c - a +2 cloak (worn)
 f - a +4 troll leather armour
 l - the +0 ring mail of the Lion (worn) {rElec Regen+ rCorr Int-3}
   (You found it on level 5 of the Realm of Zot)

   Int:       It affects your intelligence (-3).
   rElec:     It insulates you from electricity.
   Regen:     It increases your rate of health regeneration.
   rCorr:     It protects you from acid and corrosion.
 J - the +0 helmet of the Meadowlark (worn) {rF+++ rN+ Dex-5 SInv}
   (You found it in an ice cave)

   Dex:       It affects your dexterity (-5).
   rF:        It renders you almost immune to fire.
   rN:        It protects you from negative energy.
   SInv:      It lets you see invisible.
 Q - a +1 kite shield of resistance (worn)
 V - the +1 pair of gloves of Antique Tender Moments (worn) {Str+3}
   (You found it on level 3 of the Elven Halls)

   Str:       It affects your strength (+3).
Jewellery
 h - a +4 ring of protection
 C - a ring of see invisible
 M - a +5 ring of evasion (right hand)
 S - a ring of willpower (left hand)
 U - the amulet "Tesoh" (around neck) {Reflect rF+ rCorr Slay+3 SH+5}
   (You found it in the Desolation of Salt)

   [amulet of reflection]

   It reflects blocked missile attacks.
   Slay:      It affects your accuracy & damage with ranged weapons and melee
   (+3).
   rF:        It protects you from fire.
   rCorr:     It protects you from acid and corrosion.
   SH:        It affects your SH (+5).
 X - an amulet of regeneration
 Z - a ring of resist corrosion
Wands
 d - a wand of paralysis (31)
 H - a wand of light (5)
 K - a wand of digging (8)
 N - a wand of iceblast (42)
Scrolls
 g - 9 scrolls of immolation
 k - 10 scrolls of poison
 n - 7 scrolls of teleportation
 o - 3 scrolls of enchant armour
 s - a scroll of blinking
 D - 5 scrolls of fear
 I - 2 scrolls of silence
 O - 3 scrolls of enchant weapon
 P - 7 scrolls of fog
Potions
 b - 7 potions of curing
 i - 10 potions of lignification
 j - 6 potions of might
 m - 7 potions of heal wounds
 p - 5 potions of resistance
 r - 5 potions of flight
 u - 13 potions of mutation
 v - 2 potions of berserk rage
 x - 5 potions of brilliance
 z - 3 potions of cancellation
 E - 3 potions of attraction
 F - 5 potions of ambrosia
 R - 9 potions of magic
 T - a potion of haste
 W - 2 potions of invisibility
Miscellaneous
 A - a phial of floods (inert)
 B - a phantom mirror
 L - a box of beasts


   Skills:
 - Level 20.0 Fighting
 - Level 14.0 Short Blades
 - Level 1.7 Throwing
 + Level 14.1 Armour
 + Level 19.1 Dodging
 - Level 20.0 Stealth
 - Level 14.2 Shields
 - Level 5.0 Spellcasting
 - Level 5.0 Transmutations
 - Level 21.0 Invocations


You had 31 spell levels left.
You knew the following spells:

 Your Spells              Type           Power      Damage    Failure   Level
a - Wereblood             Tmut           15%        N/A       11%         2

Your spell library contained the following spells:

 Spells                   Type           Power      Damage    Failure   Level
 Passwall                 Tmut/Erth      7%         N/A       28%         2
 Apportation              Tloc           6%         N/A       47%         1
 Kiss of Death            Conj/Necr      12%        2d6       47%         1
 Magic Dart               Conj           12%        1d3       47%         1
 Necrotise                Necr           12%        1d4       47%         1
 Sandblast                Erth           6%         2d5       47%         1
 Summon Small Mammal      Summ           12%        N/A       47%         1
 Call Imp                 Summ           6%         N/A       63%         2
 Ensorcelled Hibernation  Hex/Ice        6%         N/A       63%         2
 Scorch                   Fire           6%         2d5       63%         2
 Sublimation of Blood     Necr           3%         N/A       63%         2
 Ignite Poison            Fire/Tmut/Pois 6%         N/A       63%         3
 Confusing Touch          Hex            3%         N/A       85%         3
 Dazzling Flash           Conj/Hex       6%         N/A       85%         3
 Mephitic Cloud           Conj/Pois/Air  3%         N/A       85%         3
 Stone Arrow              Conj/Erth      6%         3d7       85%         3
 Swiftness                Air            3%         N/A       85%         3
 Teleport Other           Tloc           3%         N/A       85%         3
 Volatile Blastmotes      Fire/Tloc      6%         2d10      85%         3
 Petrify                  Tmut/Erth      9%         N/A       88%         4
 Animate Armour           Summ/Erth      6%         N/A       99%         4
 Dispel Undead            Necr           3%         3d7       99%         4
 Flame Wave               Conj/Fire      3%         2d5       99%         4
 Fulminant Prism          Conj/Hex       1%         3d5       99%         4
 Iskenderun's Mystic Bla  Conj/Tloc      3%         2d3       99%         4
 Leda's Liquefaction      Hex/Erth       1%         N/A       99%         4
 Olgreb's Toxic Radiance  Pois           3%         N/A       99%         4
 Summon Lightning Spire   Summ/Air       3%         N/A       99%         4
 Yara's Violent Unravell  Hex/Tmut       4%         3d4       99%         5
 Lee's Rapid Deconstruct  Erth           1%         3d4*      100%        5
 Metabolic Englaciation   Hex/Ice        1%         N/A       100%        5
 Summon Forest            Summ/Tloc      1%         N/A       100%        5
 Conjure Ball Lightning   Conj/Air       1%         3x3d6     100%        6
 Eringya's Noxious Bog    Tmut/Pois      4%         N/A       100%        6
 Starburst                Conj/Fire      1%         6d3       100%        6
 Statue Form              Tmut/Erth      6%         N/A       100%        6
 Summon Cactus Giant      Summ           1%         N/A       100%        6
 Storm Form               Tmut/Air       4%         N/A       100%        7
 Summon Hydra             Summ           1%         N/A       100%        7
 Discord                  Hex            1%         N/A       100%        8
 Disjunction              Tloc           1%         N/A       100%        8
 Ignition                 Fire           1%         3d3       100%        8
 Lehudib's Crystal Spear  Conj/Erth      1%         10d2      100%        8
 Maxwell's Capacitive Co  Air            1%         ∞         100%        8
 Fire Storm               Conj/Fire      1%         8d1       100%        9


Dungeon Overview and Level Annotations

Branches:
Dungeon (15/15)            Temple (1/1) D:5            Lair (5/5) D:10
  Swamp (4/4) Lair:3       Spider (4/4) Lair:2        Slime (0/5) Lair:5
    Orc (2/2) D:12            Elf (3/3) Orc:2        Vaults (3/5) D:14
  Crypt (0/3) Vaults:2     Depths (4/4) D:15            Zot (5/5) Depths:4
 Bailey (visited)           IceCv (visited)         Volcano (visited)
Desolation (visited)

Altars:
Ashenzari
Cheibriados
Dithmenos
Fedhas
Gozag
Hepliaklqana
Kikubaaqudgha
Makhleb
Nemelex Xobeh
Okawaru
Qazlal
Ru
Sif Muna
Trog
Uskayaw
Vehumet
Wu Jian
Xom
Yredelemnul
Lugonu

Shops:
D:8 (   Orc:2 **:*   Elf:3 [   Vaults:2 (   Vaults:3 **(   Depths:2 [
Depths:3 (([(

Portals:
Hell: Depths:1 Depths:2 Depths:3
Abyss: Depths:1 Depths:2 Depths:3
Pandemonium: Depths:2
Ziggurat: Depths:1
Trove: D:14 (give 2 scrolls of acquirement)

Annotations:
D:1 2 transporters
D:4 1 runed translucent door, Crazy Yiuf
D:8 2 transporters, dave1331's ghost, novice HOFi
Lair:5 2 runed translucent doors
Spider:4 Kilowitz's ghost, journeyman MiFi
Orc:1 3 runed translucent doors, Wuagoi's ghost, journeyman DrVM
Elf:1 6 runed translucent doors
Vaults:1 2 transporters, Inath's ghost, adept OpTm
Depths:3 1 exclusion
Zot:2 exclusion: 2 upstairs
Zot:3 exclusion: upstairs
Zot:4 exclusions: downstairs and 2 upstairs
Zot:5 exclusion: 2 upstairs


Innate Abilities, Weirdness & Mutations

You have hooves in place of feet.
You have an unnaturally thin skeletal structure. (Dex +6, Stealth+++)
A meltable icy envelope protects you from harm. (AC +4)
You regenerate a lot of health from kills.
You are robust. (+10% HP)
A meltable shield of frost defends you. (SH +4)
You have very sharp teeth.
You possess an exceptional clarity of mind.
Armour fits poorly on your strangely shaped body.
You passively map a small area around you.
Your system is resistant to poisons. (rPois)
You expend magic power (3 MP) to strengthen your wands.


Message History

There is a staircase leading out of the dungeon here.
Things that are here:
a +3 scimitar of holy wrath; a +0 tower shield Your supernatural speed expires.
There is a staircase leading out of the dungeon here.
Things that are here:
a +3 scimitar of holy wrath; a +0 tower shield A rakshasa comes into view.
It is wielding a +0 whip.
There is a staircase leading out of the dungeon here.
Things that are here:
a +3 scimitar of holy wrath; a +0 tower shield
There is a staircase leading out of the dungeon here.
Things that are here:
a +3 scimitar of holy wrath; a +0 tower shield
There is a staircase leading out of the dungeon here.
Things that are here:
a +3 scimitar of holy wrath; a +0 tower shield
Okay, then.
As you read the scroll of summoning, it crumbles to dust.
Wisps of shadow whirl around you...
Unknown command.
The rakshasa blinks!
There is a staircase leading out of the dungeon here.
Things that are here:
a +3 scimitar of holy wrath; a +0 tower shield The rakshasa weaves an illusion.
The giant cockroach shimmers and seems to become two!
There is a staircase leading out of the dungeon here.
Things that are here:
a +3 scimitar of holy wrath; a +0 tower shield The rakshasa weaves an illusion.
You feel less exhausted.
The rakshasa weaves an illusion.
The hell beast shimmers and seems to become two!
There is a staircase leading out of the dungeon here.
Things that are here:
a +3 scimitar of holy wrath; a +0 tower shield Your muscles tense, ready for explosive movement...
You can no longer move at supernatural speeds.
You have escaped!

#.###.# #.# ##..#.PP♣ #.#...# #.#
##.#§#.PP≈ #.#.##############.#
##.##§#.P~♣
#.#...........2BBR.####.###.#.PP~
#.###########2≈≈≈≈≈≈~#.## #.#.~♣~
..# ####~≈≈≈≈~~~≈≈≈≈## #.#.P~~
..# ##~≈~≈≈≈≈r~.~≈≈≈~# #.#.P~~
#.####≈≈≈≈≈≈≈≈~.©.~.≈~# #.##P.P
#..##≈≈≈≈≈≈≈≈≈~∩@..≈.≈## #.###.#
#..##≈≈≈≈~~≈≈≈~.©.~≈≈..####.# #.#
.....≈≈≈≈~.~≈≈~~.~≈≈≈≈......# #.#
#..#..≈≈~.©.~≈≈~~≈≈≈≈≈#####.# #.#
#....≈.≈..>∩~≈≈≈≈≈≈≈≈≈# #.###.#
.....~≈.~.©.~≈≈≈≈≈≈≈~## #......
.....~≈≈≈~.~~≈≈≈≈~≈~###########.#
.....≈≈≈≈~~~≈≈≈≈~####............
......≈≈≈≈≈≈≈≈#### #.#########.#


You could see 2 hell beasts, a rakshasa, 2 giant cockroaches and a friendly rat
(summoned).

Vanquished Creatures
  A pandemonium lord (Zot:5)
  3 ancient liches (Zot:5)
  3 dread liches (Zot:5)
  3 orbs of fire (Zot:5)
  6 Killer Klowns
  Bai Suzhen (Spider:4)
  2 bone dragons
  Nikola (Spider:2)
  6 golden dragons
  2 Tzitzimimeh
  Arachne (Spider:2)
  3 electric golems
  Rupert (Orc:2)
  An Ice Fiend (IceCv)
  A hellephant (Zot:5)
  A walking crystal tome (Depths:2)
  2 liches
  4 tentacled monstrosities
  24 Orb Guardians
  Mlioglotl (Spider:3)
  A titan (Zot:1)
  Jorgrun (D:15)
  3 quicksilver dragons
  3 deep elf blademasters (Elf:3)
  2 deep elf master archers (Elf:3)
  6 death cobs
  2 tentacled starspawn
  5 sphinxes
  A thorn hunter (Swamp:4)
  2 shadow dragons
  Agnes (Spider:1)
  A daeva (D:1)
  7 storm dragons
  2 draconian monks
  Donald (Spider:1)
  5 fire giants
  2 draconian knights (Zot:1)
  An emperor scorpion (Spider:4)
  2 draconian shifters
  An iron dragon (Depths:3)
  9 vault wardens
  4 draconian scorchers
  10 frost giants
  11 deep elf sorcerers
  4 ghost moths
  Aizul (Spider:1)
  2 imperial myrmidons (Desolation)
  3 draconian stormcallers
  2 deep elf elementalists (Elf:3)
  Louise (D:15)
  A spriggan defender (Depths:1)
  4 draconian annihilators
  4 broodmothers
  5 ironbound preservers
  A war gargoyle (Vaults:3)
  16 stone giants
  A reaper (Zot:5)
  4 ironbound thunderhulks
  13 very ugly things
  7 vampire knights
  3 deep elf demonologists
  A halazid warlock (Desolation)
  2 eleionomae
  6 green draconians
  6 black draconians
  7 deep elf annihilators (Elf:3)
  A dire elephant (Vaults:3)
  2 purple draconians
  13 spark wasps
  5 white draconians
  4 yellow draconians
  3 red draconians
  9 bunyips
  Snorg (D:14)
  The ghost of Gamaf the Peltast, a journeyman MiFi of Trog (Lair:3)
  2 deep elf death magi (Elf:3)
  A merfolk javelineer (Abyss:3)
  2 crystal guardians (Desolation)
  2 mummy priests (Depths:3)
  8 ettins
  8 deep elf high priests
  4 entropy weavers
  A blizzard demon (Depths:3)
  7 fire dragons
  4 shambling mangroves
  5 rakshasas (Depths:1)
  5 great orbs of eyes
  8 servants of whispers (Desolation)
  3 yaktaur captains
  3 vault guards
  3 hell beasts
  3 jorogumos (Spider:4)
  22 hydras
  6 ragged hierophants (Desolation)
  An ogre mage (D:14)
  5 ironbound frosthearts
  14 ice dragons
  3 spriggan air magi
  11 peacekeepers (Desolation)
  2 caustic shrike simulacra (IceCv)
  3 radroaches
  33 dancing weapons
  Erica (D:9)
  6 alligators
  16 centaur warriors
  9 boulder beetles
  A ghost crab (Swamp:4)
  2 two-headed ogres (D:12)
  10 tengu warriors
  2 thrashing horrors (Abyss:3)
  6 death scarabs (Spider:4)
  14 deep troll shamans
  A hell hog (Volcano)
  12 death yaks
  7 spriggan berserkers
  8 deep troll earth magi
  5 sun demons
  2 orc high priests (Elf:1)
  10 hell knights
  4 wretched stars (Abyss:3)
  23 deep elf knights
  A soul eater (Depths:3)
  6 pharaoh ants
  A titan skeleton (Depths:3)
  A skeletal warrior (D:14)
  6 iron trolls
  A fire crab (Lair:5)
  A goliath frog (shapeshifter) (Depths:1)
  A spriggan rider (Depths:2)
  A death drake (shapeshifter) (D:14)
  A sun moth (Spider:2)
  34 deep trolls
  2 sixfirhies (Depths:3)
  A flayed ghost (Depths:1)
  3 goliath frogs
  A shadow demon (Zot:5)
  11 bog bodies
  8 swamp dragons
  11 orb spiders
  6 glowing orange brains
  A spriggan druid (Swamp:4)
  9 spriggan simulacra (IceCv)
  21 deep elf archers
  6 lindwurms
  5 wizards
  2 harpies
  A shadow dragon zombie (Depths:2)
  4 orc knights
  8 steelbarb worms
  A phantasmal warrior (Vaults:3)
  A spectral wolf spider (Spider:4)
  11 ironbound convokers
  An obsidian statue (Depths:3)
  7 starcursed masses (Abyss:3)
  24 deep elf zephyrmancers
  37 deep elf pyromancers
  36 ugly things
  8 necromancers
  A wolf spider zombie (Spider:4)
  9 orc sorcerers (Orc:2)
  21 wolf spiders
  4 will-o-the-wisps
  6 manticores
  A faun (shapeshifter) (Depths:2)
  4 salamanders (Volcano)
  Maurice (D:8)
  32 elephants
  19 moths of wrath
  A tengu skeleton (Depths:3)
  4 cyclopes
  A worldbinder (Abyss:3)
  6 guardian serpents
  A rust devil (Zot:5)
  11 vault sentinels
  2 apocalypse crabs (Abyss:3)
  4 molten gargoyles
  7 torpor snails
  An iron dragon skeleton (Depths:3)
  A smoke demon (D:1)
  6 gargoyles
  7 black mambas
  6 demonic crawlers
  An orange demon (Depths:2)
  4 rime drakes
  A kobold demonologist (D:12)
  10 cane toads
  A yaktaur (shapeshifter) (D:14)
  4 spectral redbacks (Spider:4)
  12 komodo dragons
  18 yaktaurs
  6 freezing wraiths
  2 unseen horrors
  A rime drake (shapeshifter) (D:13)
  A tormentor (D:1)
  An anaconda simulacrum (IceCv)
  12 ice devils
  6 tengu conjurers
  2 ancient zymes (Abyss:3)
  2 redback zombies (Spider:4)
  3 polar bears
  An efreet (D:13)
  4 hellwings
  A spriggan skeleton (Depths:2)
  6 meliai
  4 spectral culicivoras (Spider:4)
  6 trolls
  9 tyrant leeches
  61 saltlings (Desolation)
  A tyrant leech (shapeshifter) (Vaults:3)
  15 hornets
  A large abomination (Abyss:3)
  27 tarantellas
  A wind drake (shapeshifter) (D:14)
  15 blink frogs
  2 jumping spider zombies (Spider:4)
  A tarantella zombie (Spider:4)
  13 dream sheep (Lair:5)
  26 jumping spiders
  19 slime creatures
  Sigmund (D:2)
  6 air elementals
  8 spriggans
  4 water elementals
  A shadow (D:10)
  21 culicivoras
  36 yaks
  2 wraiths (D:12)
  A dire elephant simulacrum (IceCv)
  A ynoxinul (Abyss:1)
  6 fire elementals
  A small abomination (Abyss:1)
  Eustachio (D:4)
  6 basilisks
  8 wyverns
  3 fire bats (Volcano)
  2 steam dragons (Lair:5)
  A chaos spawn (Abyss:3)
  A neqoxec (Depths:3)
  2 minotaur simulacra (IceCv)
  27 vampire mosquitoes
  Edmund (D:4)
  64 redbacks
  4 wargs
  3 harpy simulacra (IceCv)
  14 swamp worms
  2 acid dragons
  A glowing shapeshifter skeleton (Depths:2)
  6 hell hounds
  A floating eye (shapeshifter) (Depths:4)
  11 water moccasins
  A black bear (shapeshifter) (D:13)
  2 floating eyes
  29 orc warriors
  7 swamp drakes
  5 black bears
  22 wolves
  8 ogres
  12 centaurs
  A phantom (D:5)
  6 kobold brigands (D:12)
  Blork the orc (D:5)
  16 bullfrogs
  3 gnoll sergeants
  7 deep troll simulacra (IceCv)
  4 earth elementals
  2 scorpions (D:6)
  8 wights
  2 lindwurm simulacra (IceCv)
  13 killer bees
  5 electric eels
  5 howler monkeys
  4 crimson imps (D:13)
  5 lava snakes (Lair:5)
  2 hounds
  4 jellies
  2 gnoll boudas
  13 orc priests
  Jessica (D:3)
  2 iguanas
  A sleepcap (D:5)
  34 orc wizards
  A lightning spire (Zot:2)
  Terence (D:2)
  Robin (D:2)
  4 adders
  12 gnolls
  2 shadow imps (D:7)
  2 white imps
  An ufetubus (D:6)
  2 dart slugs
  120 orcs
  An endoplasm (shapeshifter) (Elf:2)
  11 endoplasms
  4 giant cockroaches
  27 goblins
  5 hobgoblins
  10 jackals (D:2)
  4 quokkas
  10 ball pythons
  5 bats
  10 frilled lizards
  10 kobolds
  6 rats
  A briar patch (Swamp:4)
  2 butterflies
  A lurking horror (Abyss:1)
  2 pillars of salt (Vaults:3)
2055 creatures vanquished.

Vanquished Creatures (collateral kills)
  2 reapers (Depths:3)
  A two-headed ogre (D:8)
  3 death yaks (Lair:4)
  A sixfirhy (Depths:3)
  2 elephants (Lair:4)
  2 tormentors (Depths:3)
  2 chaos spawn (Depths:3)
  A water moccasin (Lair:4)
  A bullfrog (D:8)
15 creatures vanquished.

Vanquished Creatures (others)
  A dread lich (Zot:1)
  A death cob (Zot:2)
  A draconian monk (Zot:2)
  A fire giant (Depths:2)
  2 draconian knights (Zot:2)
  A draconian stormcaller (Zot:2)
  A black draconian (Zot:1)
  A peacekeeper (Desolation)
  A deep elf knight (Elf:2)
  A pharaoh ant (Spider:2)
  A deep elf pyromancer (Elf:3)
  2 deep elf zephyrmancers
  A cyclops (D:14)
  A black mamba (Lair:5)
  A bloated husk (Swamp:4)
  A human (shapeshifter) (D:15)
  An orc (Elf:1)
  4 briar patches (Swamp:4)
  8 foxfires
  21 fungi
  A lurking horror (Abyss:3)
  53 plants
  17 spectral weapons
  4 starspawn tentacles
127 creatures vanquished.

Grand Total: 2197 creatures vanquished

Notes
Turn   | Place    | Note
-------+----------+-------------------------------------------
     0 | D:1      | bakla the Demonspawn Brigand began the quest for the Orb.
     0 | D:1      | Reached XP level 1. HP: 16/16 MP: 1/1
   301 | D:1      | Reached skill level 1 in Dodging
   648 | D:1      | Gained mutation: A meltable shield of frost defends you.
                  | (SH +4) [demonic ancestry]
   648 | D:1      | Reached XP level 2. HP: 22/22 MP: 2/2
  1405 | D:2      | Noticed Sigmund
  1480 | D:2      | Found a faded altar of an unknown god.
  1565 | D:2      | Gained mutation: You have a somewhat thin skeletal
                  | structure. (Dex +2, Stealth+) [demonic ancestry]
  1565 | D:2      | Reached XP level 3. HP: 28/28 MP: 3/3
  1628 | D:2      | Noticed Robin
  1641 | D:2      | Killed Robin
  1654 | D:2      | Gained mutation: You expend magic power (3 MP) to
                  | strengthen your wands. [potion of mutation]
  1654 | D:2      | Gained mutation: You have hidden genetic potential. [potion
                  | of mutation]
  1654 | D:2      | Gained mutation: Your system is resistant to poisons.
                  | (rPois) [potion of mutation]
  1654 | D:2      | Gained mutation: You have very sharp teeth. [potion of
                  | mutation]
  1703 | D:2      | Reached XP level 4. HP: 30/34 MP: 4/4
  1941 | D:2      | HP: 1/34 [gnoll/+0 flail (3)]
  1943 | D:2      | Gained mutation: You passively map a small area around you.
                  | [hidden potential]
  2234 | D:3      | Found a blossoming altar of Fedhas.
  2495 | D:3      | Noticed a black bear
  2505 | D:3      | Killed a black bear
  2506 | D:3      | Gained mutation: You regenerate a little health from kills.
                  | [demonic ancestry]
  2506 | D:3      | Reached XP level 5. HP: 41/41 MP: 1/5
  2536 | D:3      | Gained mutation: You possess an exceptional clarity of
                  | mind. [hidden potential]
  2536 | D:3      | Lost mutation: You have hidden genetic potential. [hidden
                  | potential expressed]
  2624 | D:3      | Noticed Jessica
  2644 | D:3      | Killed Jessica
  2645 | D:3      | Gained mutation: You have large cloven feet. [demonic
                  | ancestry]
  2645 | D:3      | Reached XP level 6. HP: 8/47 MP: 2/6
  2792 | D:3      | Got Jessica's Folio of Bodies
  3146 | D:4      | Found a snail-covered altar of Cheibriados.
  3152 | D:4      | Noticed Edmund
  3205 | D:4      | Noticed an orc warrior
  3262 | D:5      | Entered Level 5 of the Dungeon
  3942 | D:4      | Killed an orc warrior
  3943 | D:4      | Reached XP level 7. HP: 29/53 MP: 3/7
  4026 | D:4      | Reached skill level 5 in Stealth
  4140 | D:4      | Identified the +2 sling of Nieck {heavy, rElec rPois Str+3}
  4227 | D:4      | Noticed Eustachio
  4264 | D:4      | Killed Eustachio
  4265 | D:4      | Reached skill level 5 in Short Blades
  4350 | D:4      | Found a runed translucent door.
  4351 | D:4      | Noticed Crazy Yiuf
  4824 | D:4      | Killed Edmund
  4926 | D:2      | Noticed Terence
  4935 | D:2      | Killed Terence
  5286 | D:2      | Killed Sigmund
  5287 | D:2      | Reached XP level 8. HP: 55/61 MP: 8/8
  5501 | D:5      | Noticed Blork the orc
  5510 | D:5      | Killed Blork the orc
  5561 | D:5      | Found a staircase to the Ecumenical Temple.
  5573 | Temple   | Entered the Ecumenical Temple
  5596 | Temple   | Became a worshipper of the Wu Jian Council
  5922 | D:6      | Found an ancient bone altar of Kikubaaqudgha.
  6057 | D:5      | Reached skill level 5 in Fighting
  6065 | D:6      | Found a sparkling altar of Nemelex Xobeh.
  6689 | D:6      | Found a shimmering blue altar of Sif Muna.
  6849 | D:7      | Found a hazy altar of Hepliaklqana.
  7775 | D:7      | Gained mutation: You have a moderately thin skeletal
                  | structure. (Dex +4, Stealth++) [demonic ancestry]
  7775 | D:7      | Reached XP level 9. HP: 68/68 MP: 9/9
  7982 | D:8      | Found a flagged portal.
  8096 | D:8      | Reached skill level 5 in Dodging
  8121 | D:8      | Found a transporter.
  8140 | D:8      | Found a bloodstained altar of Trog.
  8180 | Bailey   | Entered a bailey
  8191 | Bailey   | Reached * piety under Wu Jian
  8313 | Bailey   | Noticed an orc knight
  8313 | Bailey   | Noticed an orc knight
  8319 | Bailey   | Noticed an orc knight
  8324 | Bailey   | Killed an orc knight
  8330 | Bailey   | Killed an orc knight
  8333 | Bailey   | Killed an orc knight
  8334 | Bailey   | Gained mutation: A meltable icy envelope protects you from
                  | harm. (AC +4) [demonic ancestry]
  8334 | Bailey   | Reached XP level 10. HP: 32/77 MP: 10/10
  8337 | Bailey   | Reached ** piety under Wu Jian
  8531 | D:8      | Found a sacrificial altar of Ru.
  8547 | D:8      | Noticed dave1331's ghost (novice HOFi)
  8639 | D:8      | Found Jeukik's Weapon Shop.
  8679 | D:8      | Noticed a two-headed ogre
  8724 | D:8      | Killed a two-headed ogre
  8865 | D:8      | Noticed Maurice
  8879 | D:8      | Killed Maurice
  8960 | D:8      | Found a hide-covered altar of Uskayaw.
  8960 | D:8      | Noticed a +0 dagger
  8960 | D:8      | Noticed a +0 hand axe
  9079 | D:8      | Noticed a centaur warrior
  9080 | D:8      | Noticed a two-headed ogre
  9089 | D:8      | Found a transporter.
  9091 | D:8      | Found a radiant altar of Vehumet.
  9898 | D:9      | Reached skill level 10 in Short Blades
 10243 | D:9      | Learned a level 2 spell: Wereblood
 10384 | D:9      | Noticed Erica
 10399 | D:9      | Killed Erica
 10400 | D:9      | Reached XP level 11. HP: 82/86 MP: 10/12
 10411 | D:9      | Found Qaluebid's Magic Scroll Boutique.
 10415 | D:9      | Bought a scroll of brand weapon for 123 gold pieces
 10415 | D:9      | Bought a scroll of teleportation for 39 gold pieces
 10415 | D:9      | Bought a scroll of enchant armour for 97 gold pieces
 10415 | D:9      | Bought a scroll of identify for 26 gold pieces
 10415 | D:9      | Bought a scroll of identify for 26 gold pieces
 10418 | D:9      | Bought a scroll of identify for 26 gold pieces
 10418 | D:9      | Bought a scroll of silence for 123 gold pieces
 10486 | D:10     | Entered Level 10 of the Dungeon
 10500 | D:10     | Reached *** piety under Wu Jian
 10566 | D:10     | Reached skill level 1 in Spellcasting
 10566 | D:10     | Reached skill level 1 in Transmutations
 10710 | D:10     | Found an opulent altar of Gozag.
 10823 | D:10     | Found a staircase to the Lair.
 12714 | D:12     | Reached **** piety under Wu Jian
 12741 | D:12     | Noticed a two-headed ogre
 12754 | D:12     | Killed a two-headed ogre
 12755 | D:12     | Gained mutation: You have hoof-like feet. [demonic
                  | ancestry]
 12755 | D:12     | Reached XP level 12. HP: 95/95 MP: 16/18
 12968 | D:12     | Noticed a two-headed ogre
 12972 | D:12     | Killed a two-headed ogre
 13119 | D:12     | Found a staircase to the Orcish Mines.
 13156 | D:12     | Reached skill level 10 in Stealth
 13378 | D:13     | Noticed a centaur warrior
 13380 | D:13     | Killed a centaur warrior
 13636 | D:13     | Reached skill level 5 in Spellcasting
 13794 | D:13     | Reached skill level 5 in Transmutations
 14292 | Lair:1   | Entered Level 1 of the Lair of Beasts
 14308 | Lair:1   | Reached ***** piety under Wu Jian
 14348 | Lair:1   | Reached skill level 10 in Fighting
 14485 | Lair:1   | Noticed a death yak
 14485 | Lair:1   | Noticed a death yak
 14494 | Lair:1   | Noticed a death yak
 14494 | Lair:1   | Noticed a death yak
 14494 | Lair:1   | Noticed a death yak
 14495 | Lair:1   | Noticed a death yak
 14508 | Lair:1   | Killed a death yak
 14508 | Lair:1   | Killed a death yak
 14511 | Lair:1   | Killed a death yak
 14512 | Lair:1   | Killed a death yak
 14512 | Lair:1   | Killed a death yak
 14513 | Lair:1   | Reached XP level 13. HP: 98/104 MP: 20/20
 14818 | Lair:1   | Reached skill level 10 in Dodging
 15203 | Lair:2   | Found a dark tunnel.
 15208 | Volcano  | Entered a volcano
 17556 | Lair:3   | Found a large runed translucent door.
 17556 | Lair:3   | Found a large runed translucent door.
 17561 | Lair:3   | Noticed Gamaf's ghost (journeyman MiFi)
 18040 | Lair:4   | Gained mutation: You have hooves in place of feet. [demonic
                  | ancestry]
 18040 | Lair:4   | Reached XP level 14. HP: 112/116 MP: 21/21
 18429 | Lair:4   | Found an ornate altar of the Wu Jian Council.
 18429 | Lair:4   | Found a hide-covered altar of Uskayaw.
 18684 | Lair:5   | Entered Level 5 of the Lair of Beasts
 18729 | Lair:5   | Reached ****** piety under Wu Jian
 19193 | Lair:5   | Found a staircase to the Slime Pits.
 20012 | Lair:5   | Gained mutation: You regenerate health from kills. [demonic
                  | ancestry]
 20012 | Lair:5   | Reached XP level 15. HP: 125/125 MP: 19/22
 20044 | Lair:5   | Found a large runed translucent door.
 20044 | Lair:5   | Found a large runed translucent door.
 20441 | Orc:1    | Entered Level 1 of the Orcish Mines
 20470 | Orc:1    | Found a runed translucent gate.
 20471 | Orc:1    | Found a runed translucent gate.
 20472 | Orc:1    | Found a runed translucent gate.
 20476 | Orc:1    | Found an iron altar of Okawaru.
 20476 | Orc:1    | Noticed Wuagoi's ghost (journeyman DrVM)
 21010 | Orc:2    | Entered Level 2 of the Orcish Mines
 21010 | Orc:2    | Noticed Rupert
 21012 | Orc:2    | Killed Rupert
 21151 | Orc:2    | Found a staircase to the Elven Halls.
 21301 | Orc:2    | Found Feyttetugy's General Store.
 21302 | Orc:2    | Found Zudushro's General Store.
 21409 | Orc:2    | Found Icig's General Store.
 21409 | Orc:2    | Found Qoburac's Book Boutique.
 21617 | Orc:2    | Bought a scroll of enchant armour for 120 gold pieces
 21617 | Orc:2    | Bought a scroll of enchant armour for 120 gold pieces
 21617 | Orc:2    | Bought a phial of floods for 640 gold pieces
 21627 | Orc:2    | Bought a phantom mirror for 480 gold pieces
 21627 | Orc:2    | Bought a potion of attraction for 36 gold pieces
 21627 | Orc:2    | Bought a scroll of fog for 48 gold pieces
 22181 | Orc:2    | Bought a scroll of poison for 64 gold pieces
 22221 | Orc:2    | Bought a potion of heal wounds for 65 gold pieces
 22221 | Orc:2    | Bought a scroll of fear for 52 gold pieces
 22221 | Orc:2    | Bought a scroll of enchant weapon for 97 gold pieces
 22355 | Lair:2   | Found a hole to the Spider Nest.
 22486 | Lair:3   | Killed Gamaf's ghost
 22605 | Lair:3   | Found a staircase to the Swamp.
 22619 | Swamp:1  | Entered Level 1 of the Swamp
 22783 | Swamp:1  | Paralysed by a hornet for 1 turns
 23430 | Swamp:1  | Reached skill level 15 in Stealth
 23806 | Swamp:2  | Identified the +7 scimitar of World's End {freeze, rElec
                  | MP+9 Int+2 Stlth+}
 23808 | Swamp:2  | Identified the +1 great mace "Weusmogos" {freeze, +Blink
                  | rN+ Will++ rCorr}
 24056 | Swamp:2  | Identified the +0 leather armour of the Land of Plenty
                  | {-Cast rF+ Regen+}
 24124 | Swamp:2  | Reached skill level 15 in Fighting
 24767 | Swamp:3  | Reached XP level 16. HP: 136/136 MP: 21/23
 24898 | Swamp:4  | Entered Level 4 of the Swamp
 25350 | Swamp:4  | Reached skill level 15 in Dodging
 25400 | Swamp:4  | Noticed a thorn hunter
 25440 | Swamp:4  | Killed a thorn hunter
 25524 | Swamp:4  | Got a decaying rune of Zot
 25705 | Spider:1 | Entered Level 1 of the Spider Nest
 25939 | Spider:1 | Noticed Agnes
 25948 | Spider:1 | Killed Agnes
 25990 | Spider:1 | Noticed Donald
 26015 | Spider:1 | Killed Donald
 26044 | Spider:1 | Noticed Aizul
 26085 | Spider:1 | Killed Aizul
 26352 | Spider:2 | Noticed Nikola
 26354 | Spider:2 | Killed Nikola
 26467 | Spider:2 | Reached XP level 17. HP: 142/142 MP: 24/24
 26628 | Spider:2 | Noticed Arachne
 26633 | Spider:2 | Killed Arachne
 27385 | Spider:3 | Noticed Mlioglotl
 27391 | Spider:3 | Noticed a bone dragon
 27400 | Spider:3 | Killed Mlioglotl
 27403 | Spider:3 | Reached skill level 1 in Armour
 27419 | Spider:4 | Entered Level 4 of the Spider Nest
 27419 | Spider:4 | Noticed Bai Suzhen
 27444 | Spider:4 | Killed Bai Suzhen
 27527 | Spider:4 | Paralysed by a jorogumo for 2 turns
 27532 | Spider:4 | Found a transporter.
 27538 | Spider:4 | Found a transporter.
 27538 | Spider:4 | Noticed Kilowitz's ghost (journeyman MiFi)
 27583 | Spider:4 | Reached skill level 5 in Armour
 27702 | Spider:4 | Reached XP level 18. HP: 139/152 MP: 17/25
 27731 | Spider:4 | Got a gossamer rune of Zot
 28686 | Elf:1    | Entered Level 1 of the Elven Halls
 28745 | Elf:1    | Reached skill level 1 in Shields
 28830 | Elf:1    | Paralysed by an air elemental for 1 turns
 29097 | Elf:1    | Found an ancient bone altar of Kikubaaqudgha.
 29097 | Elf:1    | Identified the +8 great sword of the Imperium {heavy, Will+
                  | Str+3 Int+6}
 29463 | Elf:1    | Reached skill level 5 in Shields
 29615 | Elf:1    | Found a runed translucent gate.
 29615 | Elf:1    | Found a runed translucent gate.
 29615 | Elf:1    | Found a runed translucent gate.
 29615 | Elf:1    | Found a runed translucent gate.
 29615 | Elf:1    | Found a runed translucent gate.
 29971 | Elf:1    | Found a runed translucent gate.
 29981 | Elf:1    | Identified the +2 robe "Huokhle" {Rampage rElec rF+ rN+}
 31121 | Elf:2    | Paralysed by an air elemental for 1 turns
 31128 | Elf:2    | Paralysed by an air elemental for 1 turns
 31575 | Elf:2    | Reached skill level 10 in Shields
 31947 | Elf:2    | Found a runed translucent gate.
 31947 | Elf:2    | Found a runed translucent gate.
 31948 | Elf:2    | Found a runed translucent gate.
 32064 | Elf:2    | Reached XP level 19. HP: 159/159 MP: 20/26
 32535 | Elf:3    | Entered Level 3 of the Elven Halls
 32704 | Elf:3    | Found Medgh's Armour Emporium.
 32810 | Elf:3    | Identified the staff of earth "Tecaz" {Dex+2}
 32810 | Elf:3    | Identified the ring "Onniyn" {rPois rCorr Dex+3}
 32814 | Elf:3    | Identified the ring of Interdependent Arising {rPois Str+3}
 32855 | Elf:3    | Identified the +1 pair of gloves of Antique Tender Moments
                  | {Str+3}
 32977 | Elf:3    | Found the +5 robe of Night {Dark Will+ SInv}
 33000 | Elf:3    | Identified the +7 short sword of Bipamn {spect, Fly Will+++
                  | Str+2 Dex-4}
 33027 | Elf:3    | Identified the amulet "Goujoaq" {Spirit +Blink}
 33466 | Elf:3    | Got the Excursus on the Inferno and Anathema
 33475 | Elf:3    | Got Sif Muna's Omnibus of Non-Euclidean Minerals
 33991 | D:13     | Found a shimmering altar of Xom.
 34272 | D:14     | Reached skill level 1 in Invocations
 34314 | D:14     | Reached skill level 2 in Invocations
 34475 | D:14     | Reached skill level 3 in Invocations
 34546 | D:14     | Reached skill level 4 in Invocations
 34606 | D:14     | Found a portal to a secret trove of treasure.
 34678 | D:14     | Reached skill level 5 in Invocations
 34741 | D:14     | Reached skill level 6 in Invocations
 34779 | D:14     | Reached skill level 7 in Invocations
 34884 | D:14     | Reached skill level 8 in Invocations
 34978 | D:14     | You are sucked into a shaft and drop 1 floor!
 34978 | D:15     | Entered Level 15 of the Dungeon
 35013 | D:15     | Found a frozen archway.
 35024 | D:15     | Noticed Jorgrun
 35030 | D:15     | Killed Jorgrun
 35037 | D:15     | Reached skill level 9 in Invocations
 35047 | IceCv    | Entered an ice cave
 35222 | IceCv    | Reached skill level 10 in Invocations
 35236 | IceCv    | Gained mutation: You regenerate a lot of health from kills.
                  | [demonic ancestry]
 35236 | IceCv    | Reached XP level 20. HP: 166/166 MP: 27/27
 35477 | IceCv    | Reached skill level 11 in Invocations
 35539 | IceCv    | Identified the +0 helmet of the Meadowlark {rF+++ rN+ Dex-5
                  | SInv}
 36071 | D:15     | Reached skill level 12 in Invocations
 36099 | D:15     | Identified the +7 sling "Juliehiw" {drain, Will+ rCorr
                  | Stlth-}
 36171 | D:15     | Found an ornate altar of the Wu Jian Council.
 36206 | D:15     | Noticed Louise
 36219 | D:15     | Killed Louise
 36227 | D:15     | Found a staircase to the Depths.
 36635 | Depths:1 | Entered Level 1 of the Depths
 36760 | D:14     | Found a gate to the Vaults.
 37141 | D:14     | Noticed Snorg
 37148 | D:14     | Killed Snorg
 37248 | Vaults:1 | Entered Level 1 of the Vaults
 37253 | Vaults:1 | Reached skill level 13 in Invocations
 37368 | Vaults:1 | Reached skill level 14 in Invocations
 37440 | Vaults:1 | Found a transporter.
 37442 | Vaults:1 | Found a bloodstained altar of Trog.
 37454 | Vaults:1 | Noticed Inath's ghost (adept OpTm)
 37465 | Vaults:1 | Found a transporter.
 37939 | Vaults:1 | Reached skill level 15 in Invocations
 38506 | Vaults:2 | Reached skill level 16 in Invocations
 38743 | Vaults:2 | Reached skill level 17 in Invocations
 39043 | Vaults:2 | Found a staircase to the Crypt.
 39043 | Vaults:2 | Found an ancient bone altar of Kikubaaqudgha.
 39044 | Vaults:2 | Found a basalt altar of Yredelemnul.
 39373 | Vaults:2 | Found Uskeots's Antique Weapon Shop.
 39386 | Vaults:2 | Reached skill level 18 in Invocations
 39572 | Vaults:3 | Found Fuos's Assorted Antiques.
 39659 | Vaults:3 | Found a crumbling gateway.
 39668 | Desolati | Entered the Desolation of Salt
 39702 | Desolati | Gained mutation: You have an unnaturally thin skeletal
                  | structure. (Dex +6, Stealth+++) [demonic ancestry]
 39702 | Desolati | Reached XP level 21. HP: 172/172 MP: 32/34
 39702 | Desolati | Found the +10 dark maul {heavy}
 39705 | Desolati | Reached skill level 19 in Invocations
 39820 | Desolati | Reached skill level 20 in Invocations
 39992 | Desolati | Identified the amulet "Tesoh" {Reflect rF+ rCorr Slay+3
                  | SH+5}
 39993 | Desolati | Identified the ring "Onik" {rPois Str+4}
 40032 | Desolati | Identified the +0 leather armour of Jocular Salvation
                  | {Str+4}
 40032 | Desolati | Identified the +0 buckler "Ympofar" {rC++ Str+7 Dex-5}
 40236 | Desolati | Reached skill level 21 in Invocations
 40334 | Desolati | Identified the +5 scimitar of Supply {flame, rC+ Str+2
                  | Stlth+}
 40480 | Vaults:3 | Found Boigasiu's Weapon Emporium.
 40481 | Vaults:3 | Found Ekes's Assorted Antiques.
 40540 | Vaults:3 | Bought a potion of mutation for 288 gold pieces
 40540 | Vaults:3 | Bought a potion of mutation for 288 gold pieces
 40540 | Vaults:3 | Bought a scroll labelled HABO SIMAE for 36 gold pieces
 40540 | Vaults:3 | Bought a scroll of fog for 144 gold pieces
 40594 | Vaults:3 | Bought a potion of might for 132 gold pieces
 40594 | Vaults:3 | Bought a scroll of poison for 132 gold pieces
 40594 | Vaults:3 | Bought a scroll of immolation for 132 gold pieces
 41011 | Depths:1 | Found a one-way gateway to a ziggurat.
 41907 | Depths:1 | Found a gateway to Hell.
 41970 | Depths:1 | Identified the +0 leather armour of the Shining Light
                  | {+Blink +Inv Str-4 Int+7}
 42371 | Depths:1 | Found a one-way gate to the infinite horrors of the Abyss.
 42375 | Depths:1 | Voluntarily entered the Abyss.
 42898 | Abyss:3  | Got an abyssal rune of Zot
 42907 | Depths:1 | Escaped the Abyss
 43218 | Depths:1 | Gained mutation: You are robust. (+10% HP) [demonic
                  | ancestry]
 43218 | Depths:1 | Reached XP level 22. HP: 175/200 MP: 36/36
 43292 | Depths:2 | Found Yzotio's Armour Boutique.
 43585 | Depths:2 | You fall into a shaft and drop 1 floor!
 43736 | Depths:2 | Paralysed by a vampire knight for 5 turns
 44571 | Depths:3 | Found Vocerik's Antique Weapon Shop.
 44572 | Depths:3 | Found Epsovvisch's Antique Weapon Shop.
 44573 | Depths:3 | Found Ariwnani's Armour Shop.
 44574 | Depths:3 | Found Guhim's Antique Weapon Shop.
 44589 | Depths:3 | Bought a masterwork short sword for 368 gold pieces
 44589 | Depths:3 | Identified the +4 short sword "Qollur" {drain, rElec rF-
                  | rC+ Str+7} (You bought it in a shop on level 3 of the
                  | Depths)
 44595 | Depths:3 | Bought a glowing rapier for 308 gold pieces
 44662 | Depths:3 | Noticed a royal mummy
 46012 | Depths:2 | Identified the +4 robe "Quelueh" {Dex+8}
 46356 | Depths:2 | Got the Elucidation of Lethal Reformation
 46360 | Depths:2 | Identified the +3 sling "Nycsuj" {speed, Int+2 SInv}
 46455 | Depths:2 | Noticed a golden dragon
 46468 | Depths:2 | Killed a golden dragon
 46508 | Depths:2 | Found a one-way gate leading to the halls of Pandemonium.
 47060 | Depths:4 | Entered Level 4 of the Depths
 47113 | Depths:4 | Reached XP level 23. HP: 209/209 MP: 37/37
 47228 | Depths:4 | Reached skill level 10 in Armour
 47334 | Depths:4 | Found a gate to the Realm of Zot.
 47431 | Zot:1    | Entered Level 1 of the Realm of Zot
 48194 | Zot:1    | Noticed a dread lich
 48227 | Zot:1    | Killed a dread lich
 48322 | Zot:1    | Noticed a Killer Klown
 48377 | Zot:1    | Killed a Killer Klown
 48842 | Zot:2    | Identified the +0 robe "Wirgh" {Harm rPois Will+ Slay+2}
 49059 | Zot:5    | Entered Level 5 of the Realm of Zot
 49065 | Zot:5    | Identified the +0 ring mail of the Lion {rElec Regen+ rCorr
                  | Int-3}
 49227 | Zot:5    | Noticed an ancient lich
 49232 | Zot:5    | Noticed a dread lich
 49236 | Zot:5    | Killed an ancient lich
 49248 | Zot:5    | Killed a dread lich
 49249 | Zot:5    | Noticed a Killer Klown
 49252 | Zot:5    | Noticed a Killer Klown
 49253 | Zot:5    | Noticed an orb of fire
 49253 | Zot:5    | Killed a Killer Klown
 49258 | Zot:5    | Noticed an orb of fire
 49259 | Zot:5    | Killed an orb of fire
 49260 | Zot:5    | Reached XP level 24. HP: 207/222 MP: 37/37
 49263 | Zot:5    | Killed an orb of fire
 49263 | Zot:5    | Noticed a dread lich
 49265 | Zot:5    | Noticed a Killer Klown
 49266 | Zot:5    | Noticed a Killer Klown
 49267 | Zot:5    | Killed a Killer Klown
 49269 | Zot:5    | Killed a Killer Klown
 49272 | Zot:5    | Killed a dread lich
 49284 | Zot:5    | Killed a Killer Klown
 49323 | Zot:5    | Got the Orb of Zot
 49330 | Zot:5    | Noticed a Killer Klown
 49333 | Zot:5    | Noticed a dread lich
 49334 | Zot:5    | Noticed a Killer Klown
 49336 | Zot:5    | Killed a Killer Klown
 49340 | Zot:5    | Killed a dread lich
 49342 | Zot:5    | Noticed an ancient lich
 49346 | Zot:5    | a Killer Klown changed into a shadow dragon
 49352 | Zot:5    | Killed an ancient lich
 49355 | Zot:5    | Noticed an orb of fire
 49362 | Zot:5    | Gained mutation: Armour fits poorly on your strangely
                  | shaped body. [an orb of fire]
 49363 | Zot:5    | Killed an orb of fire
 49364 | Zot:5    | Noticed Samio the pandemonium lord
 49376 | Zot:5    | Killed Samio the pandemonium lord
 49378 | Zot:5    | Noticed an ancient lich
 49381 | Zot:5    | Killed an ancient lich
 49388 | Zot:5    | HP: 10/224 [Orb Guardian (9)]
 50230 | D:$      | Escaped with the Orb!

Illustrated notes

Levels and vault maps discovered:
D:1:      spicycebolla_arrival_transporter_tutorial, layout_basic, serial_bayou,
          serial_bayou_pond_d, serial_bayou_lake_a, serial_bayou_lagoon_a,
          serial_bayou_crossing
D:2:      layout_basic, shapermc_ecumenical_altar_venn, uniq_sigmund,
          uniq_robin, uniq_terence
D:3:      layout_basic, fedhas_altar_3, st_stairs_11, kennysheep_jessica_study,
          uniq_jessica
D:4:      layout_loops_ring, cheibriados_altar_1, uniq_eustachio, uniq_edmund,
          uniq_crazy_yiuf_cottage
D:5:      layout_rooms, minmay_temple_entry_slanted, uniq_blork_the_orc
D:6:      layout_cave_pools, lemuel_blue_sif_altar,
          mainiacjoe_overflow_catch_the_wave, tso_metal_star,
          mainiacjoe_overflow_cross_hatched
D:7:      layout_basic, lemuel_crystal_altar
D:8:      layout_basic, mainiacjoe_overflow_paths, kennysheep_mini,
          vehumet_altar_wand_db, dancing_weapons_uskayaw, enter_bailey_5,
          serial_shops, nicolae_shop_competitors_out_of_business,
          nzn_ghost_randoct, uniq_maurice
D:9:      layout_basic, serial_shops, nicolae_shop_rolled_up, uniq_erica
D:10:     layout_basic, grunt_temple_overflow_gold_and_silver, dpeg_oklobed_lair
D:11:     layout_loops_ring, grunt_tough_drop
D:12:     layout_roguey, kennysheep_orc_monster_closet_entryway,
          due_unseen_surprise
D:13:     layout_roguey [special_room_orc], serial_bayou, serial_bayou_shore_b,
          serial_bayou_pond_d, serial_bayou_pond_a, serial_bayou_ford_a,
          led_xom_imps
D:14:     cheibrodos_fzero, layout_basic, david_vaults_5, enter_trove_6,
          uniq_snorg
D:15:     grunt_enter_depths_hoard, layout_long_grid,
          portal_ice_cave_entry_ugly_swarm, amcnicky_mini_rare_corridor_liquid,
          nicolae_wu_jian_immortal_techniques, uniq_jorgrun, uniq_louise
Temple:   corrupted_temple
Lair:1:   layout_regular_city, grunt_megastairs_1
Lair:2:   layout_regular_city, spider_nest_entry_funnel_web,
          nicolae_volcano_entry_s_turn
Lair:3:   layout_cellular_growth, palyth_hydra_swamp_entry,
          ebering_ghost_disaster_area, beast_lair_carwin_4, lemuel_fruit_fields
Lair:4:   layout_gridlike, nzn_masters_of_martial_movement,
          serial_bayou_shore_a, grunt_megastairs_4
Lair:5:   cheibrodos_lair_end_hotspot, layout_layer_cave,
          nicolae_slime_entry_slimehenge
Swamp:1:  layout_basic_swamp, evilmike_swamp_ruin_rubble_2,
          nicolae_swamp_frolicking_bunyips
Swamp:2:  layout_basic_swamp, evilmike_swamp_ruin_house_3, swamp_pool4
Swamp:3:  layout_basic_swamp, nicolae_swamp_tree_isthmus, swamp_pool1,
          nicolae_swamp_very_dense_foliage
Swamp:4:  swamp_basic_johnstein, layout_basic_swamp, infiniplex_staircase_pool_2
Spider:1: layout_spider_delve, uniq_donald, uniq_agnes, uniq_aizul
Spider:2: layout_spider_delve, nicolae_spider_cling_halls, uniq_arachne,
          uniq_nikola
Spider:3: layout_spider_delve, uniq_mlioglotl
Spider:4: floodkiller_spider_rune_tomb, gammafunk_ghost_arena, uniq_bai_suzhen
Orc:1:    minmay_goldmine, layout_caves, gammafunk_ghost_fury_of_okawaru,
          mines_bat_river
Orc:2:    st_orc_town, layout_diamond_mine, basic_altar, uniq_rupert
Elf:1:    layout_geoelf_grid, basic_altar, orc_legates, hangedman_elven_ridges,
          small_statue_intersection
Elf:2:    elven_hall_of_blades_hangedman_original [nicolae_blade_little_rooms],
          layout_rooms
Elf:3:    minmay_elf_hall_furrowed, layout_loops_ring, serial_shops, shop
Vaults:1: gammafunk_ghost_wrathful_warriors, ontoclasm_vaults_eye,
          nicolae_vaults_surprise_closet, grunt_vaults_hallway_short,
          nicolae_vaults_storage_closets_3,
          nicolae_vaults_offset_grid_hallway_3,
          nicolae_vaults_closet_pinwheel_3, v_misc_18,
          nicolae_vaults_trapezoid_1, nicolae_vaults_puzzle_piece,
          vaults_mumra_chevron, vaults_room_fancy_cross,
          ontoclasm_vaults_shuriken, nicolae_vaults_storage_room_water,
          layout_vaults_omnibox
Vaults:2: minmay_crypt_entry_necro_gods, grunt_vaults_diagonal,
          nicolae_vaults_alarming, v_misc_33, nicolae_vaults_trapezoid_2,
          vaults_room_mumra_shop_pool, nicolae_vaults_closet_pinwheel_4,
          nicolae_vaults_bisected_inception, nicolae_vaults_little_squares_5,
          hangedman_vaults_trim, nicolae_vaults_closet_pinwheel_2,
          grunt_vaults_hallway_short, nicolae_vaults_surprise_closet,
          nicolae_vaults_surprise_closet_hard, layout_vaults_big_cross
Vaults:3: portal_desolation_entry_garden, nicolae_vaults_trapezoid_lopsided_4,
          v_misc_33, nicolae_vaults_variable_pillar_hall,
          hangedman_vaults_hard_town_square, nicolae_vaults_sesquioval_fish,
          vaults_room_boxed, vaults_standard_mumra_enter_the_diamond, v_misc_2,
          vaults_room_pool, nicolae_vaults_trapezoid_2, grunt_vaults_funnel,
          nicolae_vaults_apartment_2, nicolae_vaults_rhombus_7,
          nicolae_vaults_double_plus_2, layout_vaults_ring
Depths:1: layout_honeycomb, enter_ziggurat_d, grunt_decor_arrowhead,
          grunt_hell_entry_dis_mu, abyss_entry_small_statue_room,
          chequers_decorated_corner, minmay_starry_boxes
Depths:2: minmay_complete_graph, layout_cave_shapes, hangedman_geh_valley,
          serial_shops, nicolae_diamond_shop, rand_demon_pan_entry_3,
          hangedman_abyss_entry_splay, hangedman_decor_points
Depths:3: minmay_guarded_unrand_sceptre_of_torment, layout_gridville,
          abyss_entry, grunt_hell_entry_demonic_statue,
          minmay_misc_feat_enclosed, minmay_shop_grid_forest
Depths:4: grunt_crosshair, layout_twisted_cross, hangedman_coc_ice_floe,
          nicolae_gozag_seed_capital, abyss_entry, elyvilon_altar_5
Zot:1:    hangedman_zot_vaults_quadrants, layout_cathedral_of_symmetry,
          bh_zot_ikea_curve, st_small_dragon_hoard_3, guppyfry_library_mini
Zot:2:    layout_misc_corridors, amethyst_zot_foddershock, grunt_megastairs_3
Zot:3:    layout_misc_corridors, grunt_ministairs_4, st_stairs_1,
          grunt_megastairs_2, lemuel_elevator
Zot:4:    layout_misc_corridors, zot_minivault_1
Zot:5:    layout_misc_corridors

Skill      XL: |  1  2  3  4  5  6  7  8  9 10 11 12 13 14 15 16 17 18 19 20 21 22 23 24 |
---------------+-------------------------------------------------------------------------+-----
Dodging        | 1 2 3 4 6 7 8 9 11 12 14 15 16 17 19 | 19.1
Short Blades   | 2 3 4 5 7 8 10 14 | 14.0
Stealth        | 4 5 6 7 8 9 11 12 14 15 18 20 | 20.0
Fighting       | 3 4 5 6 8 9 10 12 13 15 16 17 18 19 20 | 20.0
Spellcasting   | 4 5 |  5.0
Transmutations | 3 5 |  5.0
Armour         | 6 8 9 12 14 | 14.1
Shields        | 11 14 | 14.2
Invocations    | 10 18 21 | 21.0
Throwing       | |  1.7

Action                     |  1- 3 |  4- 6 |  7- 9 | 10-12 | 13-15 | 16-18 | 19-21 | 22-24 || total
---------------------------+-------+-------+-------+-------+-------+-------+-------+-------++-------
  Melee: Dagger            |   166 |   123 |    43 |   695 |  1539 |  1901 |  2063 |   711 ||  7241
         Punch             |     2 |     2 |     5 |     2 |       |       |       |       ||    11
         Bite              |     1 |    20 |    38 |    93 |   197 |   300 |   474 |   499 ||  1622
         Short sword       |       |    40 |   269 |       |       |       |   653 |   493 ||  1455
         Kick              |       |    23 |   101 |    77 |   414 |   765 |  1231 |  1353 ||  3964
         Quick blade       |       |       |       |       |       |       |       |  1587 ||  1587
  Throw: Dart              |       |    17 |    34 |    11 |     1 |     6 |     2 |     1 ||    72
   Cast: Wereblood         |       |       |       |     9 |    37 |    34 |    37 |    36 ||   153
 Invoke: Serpent's Lash    |       |       |       |     3 |    13 |    28 |    33 |    52 ||   129
         Heavenly Storm    |       |       |       |       |     2 |     3 |     4 |     3 ||    12
Ability: Lunge             |       |       |    28 |    62 |   116 |   115 |   187 |   136 ||   644
         Whirlwind         |       |       |    33 |   105 |   500 |   728 |   905 |  1015 ||  3286
         Wall Jump         |       |       |       |       |     1 |     1 |       |     1 ||     3
  Evoke: Wand              |       |     4 |     4 |     5 |     4 |     6 |     6 |    30 ||    59
         Phantom mirror    |       |       |       |       |       |     1 |       |       ||     1
         Phial of floods   |       |       |       |       |       |       |     1 |     1 ||     2
    Use: Scroll            |     1 |     4 |    10 |    15 |    11 |     8 |    12 |    20 ||    81
         Potion            |     3 |       |     2 |     2 |     3 |     3 |     8 |    19 ||    40
   Stab: Sleeping          |     5 |    14 |     9 |    25 |    67 |    42 |    95 |    38 ||   295
         Distracted        |       |     1 |     1 |     3 |     3 |     4 |    24 |    21 ||    57
         Invisible         |       |       |    22 |    13 |     7 |     3 |     3 |    10 ||    58
         Paralysed         |       |       |       |       |       |       |       |     7 ||     7
         Confused          |       |       |       |       |       |       |       |     1 ||     1
 Armour: Robe              |     7 |       |       |       |       |       |       |       ||     7
         Ring mail         |    51 |    33 |    43 |    77 |    27 |     5 |       |    31 ||   267
         Leather armour    |       |       |       |       |    83 |       |       |       ||    83
         Troll leather arm |       |       |       |       |    40 |   229 |   196 |   241 ||   706
  Dodge: Dodged            |    94 |    57 |   106 |   191 |   551 |   946 |   799 |  1060 ||  3804
  Block: Other             |    26 |    17 |    38 |    18 |       |       |       |       ||    99
         Buckler           |       |       |       |    96 |   275 |   306 |       |       ||   677
         Kite shield       |       |       |       |       |       |   217 |  1174 |  1218 ||  2609
         Reflection        |       |       |       |       |       |    35 |    37 |     5 ||    77

Table legend: (Time is in decaauts)
 A = Elapsed time spent in this place.
 B = Non-inter-level travel time spent in this place.
 C = Inter-level travel time spent in this place.
 D = Time resting spent in this place.
 E = Time spent auto-exploring this place.
 F = Levels seen in this place.
 G = Mean time per level.
                   A        B        C        D        E       F      G
               +--------+--------+--------+--------+--------+-----+--------+
         Total |  48917 |  44885 |   4032 |   6572 |  23871 |  53 |  923.0 |
       Dungeon |  17287 |  15473 |   1814 |   2133 |   9560 |  15 | 1152.5 |
        Temple |     42 |     42 |      0 |      0 |     10 |   1 |   42.0 |
          Lair |   6019 |   5337 |    682 |    529 |   3436 |   5 | 1203.8 |
         Swamp |   2693 |   2527 |    166 |     31 |   1707 |   4 |  673.2 |
   Spider Nest |   3090 |   2776 |    314 |    453 |   1233 |   4 |  772.5 |
  Orcish Mines |   1885 |   1588 |    297 |    100 |   1084 |   2 |  942.5 |
   Elven Halls |   4948 |   4708 |    240 |   1238 |   2077 |   3 | 1649.3 |
        Vaults |   2713 |   2490 |    223 |     61 |   1428 |   3 |  904.3 |
        Depths |   5491 |   5209 |    282 |   1308 |   2014 |   4 | 1372.8 |
           Zot |   1736 |   1726 |     10 |    171 |    424 |   5 |  347.2 |
         Abyss |    454 |    454 |      0 |      0 |    201 |   3 |  151.3 |
        Bailey |    332 |    332 |      0 |    122 |     21 |   1 |  332.0 |
      Ice Cave |    835 |    835 |      0 |    131 |    264 |   1 |  835.0 |
       Volcano |    661 |    661 |      0 |    280 |    122 |   1 |  661.0 |
    Desolation |    723 |    723 |      0 |     13 |    290 |   1 |  723.0 |
               +--------+--------+--------+--------+--------+-----+--------+

Top non-repeatable levels by time:
Depths:1: 2576 daAuts
   Elf:1: 2419 daAuts
     D:1: 1793 daAuts
  Lair:3: 1609 daAuts
  Lair:5: 1575 daAuts
    D:13: 1457 daAuts
    D:14: 1411 daAuts
     D:4: 1408 daAuts
   Elf:2: 1371 daAuts
     D:7: 1351 daAuts
Depths:2: 1314 daAuts
    D:11: 1256 daAuts
     D:8: 1238 daAuts
Vaults:2: 1215 daAuts
   Elf:3: 1156 daAuts
